Map: Oxide LE

Players

Cheater 1 (Insane)

  • Race: Protoss Protoss
  • Spawn Location: 1:00

Cheater 2 (Insane)

  • Race: Zerg Zerg
  • Spawn Location: 7:00

Event: TSL 6

VOD

Have the link to the VOD?

Description

Time

  • Played on: Dec. 12, 2020, 9:47 a.m.
  • Length: 6:49

All games in this series

Show
View Real Time Build Order
Export as new Build Order

Cheater 1 (Insane) Protoss 

Build Orders: Mass Adepts 

Get SALT Encoding   

  12  0:01  Probe  
  13  0:13  Probe  
  14  0:19  Pylon  
  14  0:25  Probe  
  15  0:33  Probe  
  15  0:41  Assimilator, Probe  
  16  0:45  Gateway  
  17  0:51  Probe  
  17  0:53  Pylon  
  18  0:59  Probe  
  19  1:08  Probe  
  19  1:18  Probe  
  20  1:25  Gateway  
  21  1:30  Probe  
  22  1:32  Pylon  
  22  1:34  Cybernetics Core  
  22  1:35  Zealot  
  24  1:42  Probe  
  25  1:52  Gateway  
  26  1:54  Probe  
  26  2:02  Zealot, Probe  
  26  2:06  Pylon  
  29  2:10  Probe  
  29  2:11  Warp Gate  
  29  2:12  Adept  
  32  2:26  Pylon, Probe  
  32  2:29  Adept  
  35  2:30  Assimilator  
  35  2:39  Adept  
  35  2:42  Adept  
  39  2:47  Pylon, Probe  
  40  2:59  Adept x2  
  42  3:06  Pylon  
  42  3:12  Adept  
  46  3:29  Adept x2  
  50  3:39  Gateway  
  50  3:42  Stalker  
  50  3:44  Robotics Facility  
  52  4:02  Pylon  
  52  4:03  Pylon  
  52  4:06  Stalker, Adept  
  56  4:19  Zealot  
  56  4:24  Adept  
  60  4:26  Stalker  
  62  4:32  Adept  
  62  4:35  Immortal  
  68  4:39  Stalker, Adept  
  72  4:49  Stalker  
  74  4:53  Zealot, Pylon  
  74  4:59  Stalker  
  78  5:02  Adept  
  80  5:12  Stalker  
  80  5:13  Stalker  
  88  5:14  Immortal  
  88  5:17  Pylon  
  88  5:20  Stalker  
  90  5:22  Stalker  
  92  5:35  Stalker  
  94  5:36  Stalker  
  96  5:45  Sentry x2  
  96  5:47  Pylon  
  96  5:48  Twilight Council  
  100  5:50  Forge  
  100  5:52  Nexus  
  100  5:58  Zealot  
  102  6:07  Pylon  
  102  6:10  Zealot  
  104  6:14  Zealot  
  106  6:25  Zealot x2  
  106  6:27  Templar Archives, Zealot  
  106  6:31  Pylon  
  112  6:34  Zealot  
  114  6:41  Zealot  
  114  6:46  Zealot  
  114  6:49  Zealot  
Show
View Real Time Build Order
Export as new Build Order

Cheater 2 (Insane) Zerg 

Build Orders: Hatch First 

Get SALT Encoding   

  12  0:00  Drone  
  13  0:11  Overlord  
  13  0:15  Drone  
  14  0:29  Drone x2  
  14  0:33  Drone  
  17  0:48  Hatchery, Drone  
  17  1:02  Spawning Pool  
  17  1:03  Extractor, Drone  
  16  1:07  Drone  
  16  1:10  Extractor  
  16  1:16  Drone  
  17  1:26  Drone  
  18  1:37  Overlord  
  18  1:48  Drone  
  18  1:50  Queen  
  21  1:58  Zergling x2  
  21  1:59  Queen, Drone  
  25  2:09  Drone  
  25  2:10  Drone  
  27  2:17  Roach Warren  
  27  2:20  Drone  
  27  2:21  Drone  
  28  2:31  Zergling x2, Drone  
  30  2:41  Zergling x2  
  30  2:42  Overlord  
  31  2:52  Drone  
  31  2:53  Drone  
  31  2:55  Lair  
  31  2:57  Roach, Drone  
  36  2:58  Overlord  
  36  3:04  Roach x2  
  40  3:06  Overlord  
  40  3:07  Zergling x2, Roach  
  43  3:14  Zergling x2  
  43  3:16  Zergling x2  
  45  3:25  Drone  
  45  3:26  Drone  
  47  3:35  Overlord, Roach x2, Drone  
  47  3:38  Overlord, Roach, Drone x2  
  56  3:47  Drone  
  57  3:48  Drone  
  57  3:55  Hydralisk Den  
  57  3:58  Drone  
  57  3:59  Roach  
  60  4:04  Overlord, Roach x2  
  64  4:18  Overlord  
  64  4:23  Hydralisk x2  
  64  4:24  Hydralisk x2  
  66  4:25  Hydralisk  
  74  4:32  Hydralisk x3  
  74  4:33  Hydralisk  
  74  4:34  Hydralisk  
  84  4:41  Overlord, Hydralisk x2  
  84  4:43  Hydralisk  
  90  4:46  Hydralisk  
  92  4:55  Overlord  
  92  4:59  Drone  
  93  5:04  Zergling x2, Extractor, Roach  
  93  5:05  Drone  
  93  5:06  Zergling x2, Infestation Pit  
  96  5:07  Drone  
  96  5:08  Extractor  
  96  5:11  Metabolic Boost  
  96  5:13  Zergling x4, Drone  
  99  5:15  Hatchery  
  99  5:16  Overlord  
  99  5:19  Drone  
  99  5:27  Drone  
  100  5:28  Evolution Chamber  
  100  5:30  Drone  
  100  5:36  Roach x2, Drone  
  100  5:39  Overlord  
  100  5:41  Drone  
  106  5:44  Infestor  
  106  5:45  Roach, Drone  
  106  5:49  Drone  
  112  5:53  Roach  
  114  6:00  Overlord  
  114  6:02  Evolution Chamber  
  114  6:03  Drone  
  114  6:05  Ravager  
  114  6:07  Drone, Evolution Chamber  
  114  6:08  Roach x2  
  119  6:11  Infestor  
  119  6:14  Roach  
  119  6:17  Drone  
  125  6:18  Overlord, Drone  
  125  6:22  Drone  
  126  6:26  Drone  
  126  6:27  Overseer  
  124  6:33  Drone  
  124  6:36  Drone, Ravager  
  129  6:41  Spine Crawler  
  129  6:46  Spine Crawler  
Tags
 
Composition
Mass Adepts
Event
TSL 6
Matchup
PvZ
Spawn Locations
Cross Positions
Add a new tag
Caveats
  • Supply blocks, unpowered buildings, or Contaminate may cause inaccurate times.
  • Supply counts are checked every 10 seconds.